Map: [ESL] Inside and Out

Players

Cure - Winner!

  • Race: Terran Terran
  • Spawn Location: 1:00

Lambo

  • Race: Zerg Zerg
  • Spawn Location: 7:00

Event: DreamHack SC2 Masters 2022 Atlanta (Offline)

VOD

Have the link to the VOD?

Description

Time

  • Played on: Nov. 18, 2022, 6:25 p.m.
  • Length: 7:04

All games in this series

Show
View Real Time Build Order
Export as new Build Order

Cure Terran - Winner!

Build Orders:  

Get SALT Encoding   

  12  0:00  SCV  
  13  0:12  SCV  
  14  0:17  Supply Depot  
  14  0:24  SCV  
  15  0:39  Barracks  
  15  0:48  Barracks  
  15  0:51  SCV  
  16  0:57  Refinery  
  16  1:03  SCV  
  17  1:16  SCV  
  18  1:25  Marine  
  18  1:28  Orbital Command  
  19  1:36  Supply Depot  
  19  1:40  Marine  
  19  1:44  Bunker  
  19  1:47  Marine  
  21  1:57  SCV, Marine  
  23  2:04  Marine  
  24  2:09  Bunker  
  24  2:10  SCV  
  25  2:19  Factory  
  25  2:23  SCV  
  25  2:25  Marine  
  25  2:28  Marine  
  28  2:37  SCV  
  28  2:43  Marine  
  29  2:46  Marine  
  29  2:49  SCV  
  29  2:50  Supply Depot  
  30  3:01  SCV  
  31  3:05  Factory Tech Lab  
  31  3:13  SCV  
  31  3:25  Cyclone, SCV  
  34  3:37  Supply Depot  
  34  3:39  Command Center  
  34  3:47  Starport  
  32  3:49  SCV  
  33  3:58  Refinery  
  33  4:00  Supply Depot  
  33  4:01  SCV  
  34  4:07  Siege Tank  
  33  4:13  SCV  
  34  4:17  Barracks Tech Lab, Marine  
  35  4:25  SCV  
  36  4:35  Marine  
  36  4:38  Banshee  
  40  4:40  SCV  
  41  4:50  Barracks Reactor  
  41  4:51  Orbital Command  
  41  4:59  Command Center  
  41  5:02  SCV  
  41  5:04  Factory Reactor  
  41  5:05  Marine  
  43  5:10  Orbital Command  
  44  5:14  SCV  
  44  5:20  Stimpack  
  44  5:26  SCV  
  44  5:27  Marine x3  
  48  5:31  Barracks  
  48  5:32  Starport Reactor  
  48  5:36  SCV  
  48  5:38  SCV  
  50  5:44  Marine  
  50  5:48  SCV  
  50  5:49  Marine x2  
  54  5:50  SCV  
  58  6:00  SCV, Refinery  
  58  6:02  SCV, Marine, Refinery  
  58  6:06  Marine  
  58  6:07  Marine  
  58  6:09  Medivac  
  58  6:10  Medivac  
  64  6:17  Orbital Command  
  64  6:18  SCV x2  
  66  6:20  Marine  
  67  6:31  Engineering Bay x2, Marine x4  
  75  6:40  SCV  
  75  6:41  SCV  
  75  6:46  SCV  
Show
View Real Time Build Order
Export as new Build Order

Lambo Zerg 

Build Orders: Pool First 

Get SALT Encoding   

  12  0:00  Drone  
  13  0:12  Overlord  
  13  0:16  Drone  
  14  0:30  Drone x2  
  14  0:33  Drone  
  17  0:42  Spawning Pool  
  17  0:46  Drone  
  17  1:06  Hatchery  
  17  1:09  Drone  
  17  1:13  Drone  
  17  1:16  Extractor  
  17  1:20  Drone  
  19  1:30  Extractor  
  18  1:33  Zergling x2, Roach Warren  
  18  1:41  Queen  
  20  1:48  Overlord  
  20  2:10  Extractor  
  20  2:15  Roach x2  
  23  2:16  Queen  
  23  2:21  Roach  
  29  2:30  Roach  
  29  2:40  Roach  
  31  2:48  Roach  
  35  2:59  Roach  
  35  3:06  Drone  
  35  3:09  Overlord  
  30  3:23  Overlord  
  28  3:27  Ravager x2  
  28  3:33  Ravager  
  32  3:36  Drone x2  
  34  3:47  Ravager  
  35  3:49  Drone x2  
  35  4:03  Hatchery  
  34  4:14  Overlord x2  
  34  4:29  Metabolic Boost  
  34  4:32  Queen  
  34  4:33  Drone  
  34  4:35  Drone  
  38  4:38  Drone  
  38  4:42  Drone  
  40  4:46  Drone  
  40  4:49  Drone  
  40  4:50  Drone  
  43  4:57  Drone  
  44  5:07  Drone  
  45  5:15  Drone  
  45  5:18  Drone  
  47  5:26  Drone, Hatchery  
  47  5:30  Drone  
  47  5:31  Drone x3  
  51  5:37  Overlord  
  51  5:41  Drone  
  52  5:50  Overlord  
  52  5:54  Queen  
  54  6:01  Spore Crawler x2  
  52  6:05  Drone x5  
  52  6:08  Spore Crawler  
  52  6:10  Queen  
  58  6:12  Zergling x2  
  58  6:13  Zergling x2  
  57  6:22  Zergling x4  
  59  6:29  Hatchery  
  60  6:36  Overlord  
  60  6:38  Evolution Chamber  
  60  6:39  Drone, Evolution Chamber  
  59  6:42  Drone  
  60  6:50  Drone x2  
Tags
 
Add a new tag
Caveats
  • Supply blocks, unpowered buildings, or Contaminate may cause inaccurate times.
  • Supply counts are checked every 10 seconds.